 Dungeon Crawl Stone Soup version 0.21.1-1-g345015fe64 (webtiles) character file.

5096 ImError the Archer (level 10, -7/88 HPs)
             Began as a Centaur Hunter on Apr 30, 2018.
             Mangled by a two-headed ogre
             ... wielding a +0 giant club
              (29 damage)
             ... on level 8 of the Dungeon on May 2, 2018.
             The game lasted 01:17:21 (9441 turns).

ImError the Archer (Centaur Hunter)                 Turns: 9441, Time: 01:17:21

Health: -7/88      AC:  9    Str: 19    XL:     10   Next: 32%
Magic:  10/10      EV: 15    Int: 10    God:
Gold:   440        SH:  0    Dex: 18    Spells: 9/9 levels left

rFire    x . .     SeeInvis .   A - +1 spear (venom)
rCold    + . .     Gourm    .   (no shield)
rNeg     + . .     Faith    .   c - +0 leather armour
rPois    .         Spirit   .   h - +2 hat "Qaosasaq" {rN+ Dex+4}
rElec    .         Reflect  .   k - scarf {repulsion}
rCorr    .         Harm     .   (no gloves)
MR       .....                  (no barding)
Stlth    +.........             t - amulet of rage
HPRegen  0.24/turn              o - +3 ring of protection
MPRegen  0.12/turn              E - ring of ice

@: mighty, repel missiles, very quick
A: large, hooves 3, deformed body, speed 2, tough skin 3
a: Evoke Berserk Rage


You were on level 8 of the Dungeon.
You were not hungry.

You visited 1 branch of the dungeon, and saw 8 of its levels.

You collected 440 gold pieces.

Inventory:

Hand Weapons
 a - a +2 shortbow
 A - a +1 spear of venom (weapon)
Missiles
 d - 61 arrows
 g - 222 stones (quivered)
 q - 9 tomahawks
Armour
 c - a +0 leather armour (worn)
 h - the +2 hat "Qaosasaq" (worn) {rN+ Dex+4}
   (You found it on level 4 of the Dungeon)

   It affects your dexterity (+4).
   It protects you from negative energy.
 k - a scarf of repulsion (worn)
 u - a +1 ring mail of cold resistance
 L - a +0 cloak
Jewellery
 o - a +3 ring of protection (left hand)
 t - an amulet of rage (around neck)
 v - an uncursed amulet of magic regeneration
 z - an uncursed ring of protection from cold
 E - a ring of ice (right hand)
Wands
 m - a wand of polymorph (10)
 B - a wand of iceblast (11)
 C - a wand of flame (9)
 G - a wand of paralysis (8)
Scrolls
 r - a scroll of blinking
 y - a scroll of enchant armour {unknown}
 F - a scroll of remove curse
 H - a scroll of amnesia {unknown}
 I - a scroll of teleportation
Potions
 b - a potion of magic
 e - 2 potions of heal wounds
 i - a potion of flight {unknown}
 j - a potion of mutation
 l - 5 potions of curing
 n - a potion of might
 p - 2 potions of agility
 s - 3 potions of ambrosia
 w - 3 potions of resistance
 x - a potion of lignification {unknown}
 D - a potion of cancellation {unknown}
 J - 2 potions of berserk rage
Comestibles
 f - 9 rations
 K - 4 chunks of flesh


   Skills:
 + Level 8.3 Fighting
 + Level 11.3 Bows
 * Level 8.2 Dodging
 - Level 0.7 Stealth
 - Level 0.2 Evocations


You had 9 spell levels left.
You didn't know any spells.

Dungeon Overview and Level Annotations

Branches:
Dungeon (8/15)
 Temple: D:4-7         Lair: D:8-11

Altars:
Cheibriados
Qazlal
Ru
Uskayaw
Xom

Shops:
D:5 %   D:6 (


Innate Abilities, Weirdness & Mutations

You have hooves in place of feet.
Armour fits poorly on your strangely shaped body.
You cover ground very quickly.
You have extremely tough skin. (AC +3)


Message History

The two-headed ogre hits you with a giant club! x2
You hit the two-headed ogre.
The two-headed ogre is poisoned.
You kick the two-headed ogre.
The two-headed ogre is moderately wounded.
The two-headed ogre completely misses you.
The two-headed ogre misses you.
You hit the two-headed ogre.
The two-headed ogre looks as sick as possible!
The two-headed ogre is moderately wounded.
The two-headed ogre hits you with a giant club.
The two-headed ogre barely misses you.
You hit the two-headed ogre.
The two-headed ogre looks as sick as possible!
The two-headed ogre is heavily wounded.
You feel yourself speed up.
The two-headed ogre hits you with a giant club!!
The two-headed ogre hits you with a giant club!
* * * LOW HITPOINT WARNING * * *
The two-headed ogre hits you with a giant club!!
You die...

#..............#
#........#####.#
#........#
#........#
#........#
#........#
##........#
#........(....
#@############
#O# #(# #.# #.#
#.# #.# #.# #.#


You could see a two-headed ogre.

Vanquished Creatures
  A two-headed ogre (D:8)
  Erica (D:8)
  Maurice (D:8)
  A troll (D:6)
  3 hippogriffs
  3 ice beasts
  4 sky beasts
  An orc warrior (D:5)
  A black bear (D:6)
  An ogre (D:5)
  2 necrophages
  3 centaurs
  A big kobold (D:7)
  3 bullfrogs
  A gnoll sergeant (D:4)
  A scorpion (D:7)
  A crimson imp (D:8)
  3 hounds
  An iron imp (D:7)
  A jelly (D:5)
  5 orc wizards
  4 orc priests
  A bullfrog skeleton (D:8)
  An iguana (D:4)
  Ijyb (D:4)
  Natasha (D:2)
  7 worker ants
  2 worker ant zombies
  3 gnolls (D:4)
  A howler monkey skeleton (D:4)
  14 adders
  3 shadow imps
  An ooze (D:5)
  2 adder zombies
  A worm (D:2)
  A dart slug (D:3)
  8 leopard geckos
  29 orcs
  5 bats
  9 giant cockroaches
  9 hobgoblins
  19 jackals
  2 quokkas
  5 frilled lizards
  10 goblins
  12 kobolds
  A leopard gecko skeleton (D:5)
  2 quokka skeletons
  A quokka zombie (D:8)
  3 rats
197 creatures vanquished.

Vanquished Creatures (others)
  A worker ant (D:5)
  An adder (D:5)
  A ball python (D:5)
3 creatures vanquished.

Grand Total: 200 creatures vanquished

Notes
Turn   | Place    | Note
-------+----------+-------------------------------------------
     0 | D:1      | ImError the Centaur Hunter began the quest for the Orb.
     0 | D:1      | Reached XP level 1. HP: 17/17 MP: 1/1
   109 | D:1      | Reached XP level 2. HP: 16/24 MP: 2/2
  1117 | D:1      | Reached XP level 3. HP: 13/30 MP: 3/3
  1433 | D:2      | Reached skill level 6 in Bows
  1651 | D:2      | Noticed Natasha
  1656 | D:2      | Killed Natasha
  1656 | D:2      | Reached XP level 4. HP: 38/38 MP: 4/4
  2396 | D:3      | Reached XP level 5. HP: 44/46 MP: 5/5
  2991 | D:3      | Found a stormy altar of Qazlal.
  2992 | D:3      | Found a sacrificial altar of Ru.
  3695 | D:4      | Reached XP level 6. HP: 51/52 MP: 6/6
  4032 | D:4      | Got a scorched hat
  4044 | D:4      | Reached skill level 7 in Bows
  4053 | D:4      | Identified the +2 hat "Qaosasaq" {rN+ Dex+4} (You found it on level 4 of the Dungeon)
  4583 | D:4      | Noticed Ijyb
  4593 | D:4      | Killed Ijyb
  4607 | D:4      | Reached XP level 7. HP: 22/60 MP: 7/7
  5324 | D:5      | Entered Level 5 of the Dungeon
  5481 | D:4      | Reached skill level 5 in Fighting
  5556 | D:5      | Found a hide-covered altar of Uskayaw.
  5559 | D:5      | Noticed a hand axe
  5560 | D:5      | Noticed a hand axe
  5639 | D:5      | Reached skill level 8 in Bows
  5809 | D:5      | Reached XP level 8. HP: 68/69 MP: 8/8
  5863 | D:5      | Found Pewiu's Food Shoppe.
  6038 | D:5      | Reached skill level 5 in Dodging
  6260 | D:5      | Found a shimmering altar of Xom.
  6756 | D:6      | Found Utuygrac's Antique Weapon Emporium.
  6826 | D:6      | Reached skill level 9 in Bows
  7149 | D:6      | Noticed a troll
  7163 | D:6      | Killed a troll
  7163 | D:6      | Reached XP level 9. HP: 63/78 MP: 9/9
  7835 | D:7      | Reached skill level 10 in Bows
  8173 | D:7      | Found a snail-covered altar of Cheibriados.
  8497 | D:8      | Noticed a two-headed ogre
  8729 | D:8      | Killed a two-headed ogre
  8885 | D:8      | Reached XP level 10. HP: 43/88 MP: 10/10
  9349 | D:8      | Noticed Maurice
  9396 | D:8      | Killed Maurice
  9396 | D:8      | Reached skill level 11 in Bows
  9401 | D:8      | Noticed Erica
  9419 | D:8      | Killed Erica
  9420 | D:8      | Noticed a two-headed ogre
  9441 | D:8      | Mangled by a two-headed ogre

Skill      XL: |  1  2  3  4  5  6  7  8  9 10 |
---------------+-------------------------------+-----
Bows           | 6 7 8 9 10 11 | 11.3
Fighting       | 3 4 5 6 7 8 |  8.3
Dodging        | 2 3 4 6 7 8 |  8.2
Stealth        | |  0.7
Evocations     | |  0.2

Action                   |  1- 3 |  4- 6 |  7- 9 | 10-12 || total
-------------------------+-------+-------+-------+-------++-------
Melee: Short sword       |    47 |       |       |       ||    47
       Hand axe          |    56 |    11 |       |       ||    67
       Kick              |    15 |    30 |   104 |    12 ||   161
       War axe           |       |   150 |    31 |       ||   181
       Spear             |       |       |   319 |    39 ||   358
 Fire: Shortbow          |    29 |    37 |    47 |    16 ||   129
Throw: Stone             |       |       |     2 |       ||     2
 Abil: Evoke Berserk Rag |       |     3 |     1 |       ||     4
  Use: Potion            |       |     1 |     1 |     1 ||     3
       Scroll            |       |     4 |     9 |     3 ||    16
 Stab: Sleeping          |       |       |     1 |       ||     1
       Distracted        |       |       |     1 |       ||     1
  Eat: Chunk             |     2 |    10 |    10 |     2 ||    24
       Ration            |       |       |     1 |       ||     1
Armor: Leather armour    |    45 |    72 |   110 |     6 ||   233
Dodge: Dodged            |    58 |   102 |   183 |    22 ||   365
       Deflected         |       |     2 |    11 |     1 ||    14
Block: Buckler           |       |     1 |       |       ||     1
